 Dungeon Crawl Stone Soup version 0.28-a0-1117-g0bdd5ba030 (webtiles) character file.

Game seed: 11318268677551295907

263 SensoryNuts the Slasher (level 5, 0/39 HPs)
             Began as a Demonspawn Gladiator on Dec 11, 2021.
             Slain by a water moccasin skeleton (2 damage)
             ... on level 5 of the Dungeon.
             The game lasted 00:03:00 (3193 turns).

SensoryNuts the Slasher (Demonspawn Gladiator)      Turns: 3193, Time: 00:03:01

Health: 0/39       AC: 11    Str: 17    XL:     5   Next: 97%
Magic:  5/5        EV: 12    Int: 15    God:
Gold:   98         SH:  4    Dex: 14    Spells: 4/4 levels left

rFire   . . .      SeeInvis .   a - +0 long sword
rCold   . . .      Faith    .   (no shield)
rNeg    . . .      Spirit   .   m - +0 chain mail
rPois   .          Reflect  .   c - +0 helmet
rElec   .          Harm     .   k - scarf {repulsion}
rCorr   .          Rampage  .   (no gloves)
Will    .....                   (no boots)
Stlth   ..........              (no amulet)
HPRegen 0.13/turn               e - +6 ring of intelligence
MPRegen 0.09/turn               o - +4 ring of evasion

@: repel missiles
A: claws 2, icy blue scales 1, condensation shield, deterioration 1
a: no special abilities


You were on level 5 of the Dungeon.
You visited 1 branch of the dungeon, and saw 5 of its levels.

You collected 98 gold pieces.

Inventory:

Hand Weapons
 a - a +0 long sword (weapon)
Missiles
 d - 3 throwing nets (quivered)
Armour
 b - a +0 leather armour
 c - a +0 helmet (worn)
 k - a scarf of repulsion (worn)
 m - a +0 chain mail (worn)
Jewellery
 e - a +6 ring of intelligence (left claw)
 f - a ring of resist corrosion
 n - a ring of magical power
 o - a +4 ring of evasion (right claw)
Scrolls
 h - a scroll of vulnerability {unknown}
 i - a scroll of summoning {unknown}
 j - 4 scrolls of identify {unknown}
 l - 2 scrolls of teleportation {unknown}
 p - a scroll of amnesia {unknown}
 q - a scroll of immolation {unknown}


   Skills:
 + Level 2.6 Fighting
 + Level 4.7 Long Blades
 + Level 1.8 Throwing
 + Level 1.6 Armour
 + Level 3.3 Dodging
 + Level 1.3 Stealth
 + Level 0.5 Shields


You had 4 spell levels left.
You didn't know any spells.
Your spell library contained the following spells:

 Spells                   Type           Power      Damage    Failure   Level
 Fireball                 Conj/Fire      0%         3d3       100%        5
 Iskenderun's Battlesphe  Conj           0%         2d6       100%        5
 Iron Shot                Conj/Erth      0%         9d1       100%        6
 Starburst                Conj/Fire      0%         6d3       100%        6
 Spellforged Servitor     Conj/Summ      0%         N/A       100%        7
 Ignition                 Fire           0%         3d3       100%        8


Dungeon Overview and Level Annotations

Branches:
Dungeon (5/15)
 Temple: D:4-7

Altars:


Innate Abilities, Weirdness & Mutations

You have very sharp fingernails.
You are partially covered in icy blue scales. (AC +2)
A meltable shield of frost defends you. (SH +4)
Your body sometimes deteriorates upon taking damage.


Message History

You closely miss the gnoll.
The gnoll is moderately wounded.
The gnoll hits you but does no damage.
The water moccasin skeleton bites you but does no damage.
You barely miss the gnoll.
The gnoll is moderately wounded.
The gnoll hits you but does no damage.
The water moccasin skeleton barely misses you.
Unknown command.
Your chain mail prevents you from hitting the gnoll.
The gnoll is moderately wounded.
You block the water moccasin skeleton's attack.
The gnoll barely misses you.
You slash the gnoll!
The gnoll is almost dead.
You block the water moccasin skeleton's attack.
The gnoll closely misses you. The water moccasin skeleton misses you.
You slash the gnoll!
You kill the gnoll!
You block the water moccasin skeleton's attack.
Unknown command.
You hit the water moccasin skeleton but do no damage.
You block the water moccasin skeleton's attack.
You hit the water moccasin skeleton.
The water moccasin skeleton is lightly damaged.
You block the water moccasin skeleton's attack.
The water moccasin skeleton bites you.
* * * LOW HITPOINT WARNING * * *
You hit the water moccasin skeleton.
The water moccasin skeleton is lightly damaged.
The water moccasin skeleton bites you.
* * * LOW HITPOINT WARNING * * *
You barely miss the water moccasin skeleton.
The water moccasin skeleton is lightly damaged.
The water moccasin skeleton barely misses you.
Unknown command.
You hit the water moccasin skeleton.
The water moccasin skeleton is lightly damaged.
The water moccasin skeleton bites you.
You die...

..........#
♣..#......
..........
#....#..#
##...?...#
#........#
(......)Z#
#.@.#
#......#
#.#.......
#. ###.###
#. .. #. ..
#. . ##


You could see a water moccasin skeleton.

Vanquished Creatures
  An ogre (D:2)
  An orc wizard (D:3)
  2 adders
  6 gnolls
  2 adder skeletons
  A dart slug (D:2)
  4 orcs (D:3)
  4 ball pythons
  3 bats
  9 endoplasms
  6 giant cockroaches
  7 goblins
  6 hobgoblins
  3 kobolds
  2 quokkas
  8 frilled lizards
  2 rats (D:1)
67 creatures vanquished.

Notes
Turn   | Place    | Note
-------+----------+-------------------------------------------
     0 | D:1      | SensoryNuts the Demonspawn Gladiator began the quest for
                  | the Orb.
     0 | D:1      | Reached XP level 1. HP: 16/16 MP: 1/1
    94 | D:1      | Reached skill level 3 in Long Blades
    94 | D:1      | Gained mutation: You have sharp fingernails. [demonic
                  | ancestry]
    94 | D:1      | Reached XP level 2. HP: 3/22 MP: 2/2
  1059 | D:1      | Gained mutation: A meltable shield of frost defends you.
                  | (SH +4) [demonic ancestry]
  1059 | D:1      | Reached XP level 3. HP: 27/27 MP: 3/3
  1769 | D:2      | Noticed an ogre
  1777 | D:2      | Killed an ogre
  1778 | D:2      | Reached skill level 4 in Long Blades
  1778 | D:2      | Reached skill level 1 in Armour
  1778 | D:2      | Reached skill level 1 in Stealth
  1778 | D:2      | Gained mutation: You are partially covered in icy blue
                  | scales. (AC +2) [demonic ancestry]
  1778 | D:2      | Reached XP level 4. HP: 10/33 MP: 4/4
  2160 | D:2      | Gained mutation: You have very sharp fingernails. [demonic
                  | ancestry]
  2160 | D:2      | Reached XP level 5. HP: 31/38 MP: 5/5
  3146 | D:3      | You fall into a shaft and drop 1 floor!
  3169 | D:4      | Gained mutation: Your body sometimes deteriorates upon
                  | taking damage. [potion of mutation]
  3180 | D:5      | Entered Level 5 of the Dungeon
  3191 | D:5      | HP: 1/39 [water moccasin skeleton (1)]
  3193 | D:5      | Slain by a water moccasin skeleton

Illustrated notes

Levels and vault maps discovered:
D:1:      dpeg_arrival_long_road, layout_basic, kennysheep_nondescript,
          amcnicky_mini_rare_corridor_liquid
D:2:      layout_loops_ring
D:3:      layout_basic
D:4:      layout_rooms, nicolae_hepliaklqana_monster_ancestors, uniq_pikel,
          uniq_natasha
D:5:      layout_basic, minmay_temple_entry_glassed_door, portal_sewer_entry_e,
          minmay_misc_feat_chi, grunt_ministairs_9, uniq_crazy_yiuf_cottage

Skill      XL: |  1  2  3 |
---------------+----------+-----
Long Blades    | 3 4 |  4.7
Dodging        | 3 |  3.3
Armour         | 1 |  1.6
Stealth        | 1 |  1.3
Fighting       | |  2.6
Throwing       | |  1.8
Shields        | |  0.5

Action                   |  1- 3 |  4- 6 || total
-------------------------+-------+-------++-------
Melee: Long sword        |    95 |   134 ||   229
  Use: Potion            |       |     1 ||     1
 Stab: Sleeping          |     4 |       ||     4
Armor: Leather armour    |    30 |     3 ||    33
       Chain mail        |       |    51 ||    51
Dodge: Dodged            |    50 |    82 ||   132
       Repelled          |       |     1 ||     1
Block: Other             |    11 |    26 ||    37

Table legend: (Time is in decaauts)
 A = Elapsed time spent in this place.
 B = Non-inter-level travel time spent in this place.
 C = Inter-level travel time spent in this place.
 D = Time resting spent in this place.
 E = Time spent auto-exploring this place.
 F = Levels seen in this place.
 G = Mean time per level.
                   A        B        C        D        E       F      G
               +--------+--------+--------+--------+--------+-----+--------+
         Total |   3236 |   3236 |      0 |      0 |   2608 |   5 |  647.2 |
       Dungeon |   3236 |   3236 |      0 |      0 |   2608 |   5 |  647.2 |
               +--------+--------+--------+--------+--------+-----+--------+

Top non-repeatable levels by time:
     D:1: 1443 daAuts
     D:2: 1011 daAuts
     D:3: 729 daAuts
     D:4: 36 daAuts
     D:5: 14 daAuts
